[Event "Team 45 45 League T86"]
[Site "Internet Chess Club"]
[Date "2020.10.14"]
[Round "2"]
[White "Ajolote"]
[Black "fledermaus"]
[Result "1-0"]
[WhiteElo "2009"]
[BlackElo "1899"]
[Opening "Sicilian: closed, 6.Be3"]
[ECO "B26"]
[Time "14:02:44"]
[TimeControl "2700+45"]

1. e4 c5 2. Nc3 Nc6 3. g3 g6 4. Bg2 Bg7 5. d3 d6 6. Be3 Rb8 7. Nf3 e5 8. O-O
Nge7 9. Qd2 O-O 10. Bh6 f5 11. Bxg7 Kxg7 12. exf5 Nxf5 13. Rae1 h6 14. a3 Be6
15. Kh1 Qd7 16. Ne4 b6 17. b4 Ncd4 18. Ng1 Ne7 19. c3 Ndc6 20. b5 Na5 21. Qe2
Rbd8 22. a4 g5 23. f4 Bg4 24. Qd2 gxf4 25. gxf4 Ng6 26. fxe5 dxe5 27. Rxf8 Rxf8
28. Qe3 Rd8 29. Nf2 Bf5 30. Nf3 Bxd3 31. Nxe5 Nxe5 32. Qxe5+ Kg8 33. Nxd3 Qxd3
34. Rg1 Kf8 35. Qf6+ {Black resigns} 1-0

[Event "Team 45 45 League T86"]
[Site "Internet Chess Club"]
[Date "2020.10.09"]
[Round "2"]
[White "JeffH"]
[Black "hipopotamos"]
[Result "1-0"]
[WhiteElo "1785"]
[BlackElo "1650"]
[Opening "Giuoco Piano"]
[ECO "C53"]
[Time "20:01:19"]
[TimeControl "2700+45"]

1. e4 e5 2. Nf3 Nc6 3. Bc4 Bc5 4. c3 d6 5. O-O Nf6 6. d3 h6 7. Bb3 O-O 8. Re1
Be6 9. Bxe6 fxe6 10. b4 Bb6 11. h3 Qe8 12. Nbd2 d5 13. a4 a6 14. exd5 exd5 15.
Rb1 e4 16. dxe4 dxe4 17. Nxe4 Qg6 18. Nxf6+ Rxf6 19. Qd5+ Kh8 20. Qe4 Raf8 21.
Rb2 Qh5 22. Qg4 Qf7 23. a5 Rg6 24. Qe4 Ba7 25. Kh1 Rf6 26. Ree2 Nd8 27. Ne5 Qe6
28. Be3 Bxe3 29. Qxe3 Rf5 30. Qg3 Rg5 31. Ng4 Qf7 32. h4 Qh5 33. f3 c6 34. Kg1
Rg6 35. Re5 Rf5 36. Re8+ Kh7 37. Rxd8 Rd5 38. Rxd5 Qxd5 39. Qe5 Qd1+ 40. Kh2 Qd8
41. Re2 Qxh4+ 42. Kg1 h5 43. Nf2 Kh6 44. Nd3 Rg5 45. Qd6+ Kh7 46. Qe7 Qg3 47.
Qe4+ Kh6 48. Nf4 h4 49. Qe6+ Kh7 50. Qe4+ Kh6 51. Qe3 Kh7 52. Nh3 Rg6 53. Qd3
Kh6 54. Kh1 Rd6 55. Qe3+ Kh7 56. Qe4+ Kh6 57. Qf4+ g5 58. Qf8+ Kg6 59. Qg8+ Kf6
60. Nf2 Qf4 61. Ne4+ Kf5 62. Qf7+ Ke5 63. Nc5+ Qe3 64. Rxe3# {Black checkmated}
1-0

[Event "Team 45 45 League T86"]
[Site "Internet Chess Club"]
[Date "2020.10.10"]
[Round "2"]
[White "edelgado"]
[Black "MathBandit"]
[Result "0-1"]
[WhiteElo "1481"]
[BlackElo "1704"]
[Opening "Sicilian: closed"]
[ECO "B23"]
[Time "17:01:00"]
[TimeControl "2700+45"]

1. e4 c5 2. Nc3 a6 3. g3 b5 4. Bg2 Bb7 5. d3 e6 6. a3 Nf6 7. f4 d5 8. e5 Nfd7 9.
Nf3 Nc6 10. O-O Qb6 11. Kh1 Be7 12. Bd2 O-O 13. Qe1 Rfc8 14. f5 d4 15. fxe6 fxe6
16. Ne4 Ncxe5 17. Nxe5 Nxe5 18. b3 Rf8 19. Nxc5 Bxg2+ 20. Kxg2 Qxc5 21. Rxf8+
Rxf8 22. Bb4 Qc6+ 23. Kh3 Bxb4 24. Qxe5 Bc5 {White resigns} 0-1

[Event "Team 45 45 League T86"]
[Site "Internet Chess Club"]
[Date "2020.10.08"]
[Round "2"]
[White "GoIrish"]
[Black "fireball"]
[Result "0-1"]
[WhiteElo "1479"]
[BlackElo "1522"]
[Opening "Réti opening"]
[ECO "A05"]
[Time "20:02:38"]
[TimeControl "2700+45"]

1. Nf3 Nf6 2. g3 d5 3. Bg2 Nc6 4. d4 Bg4 5. O-O Qd7 6. Nbd2 Bh3 7. c4 Bxg2 8.
Kxg2 h6 9. cxd5 Qxd5 10. Nb3 O-O-O 11. e3 g5 12. Kg1 e6 13. Bd2 Be7 14. Rc1 Ne4
15. a3 h5 16. Ne1 h4 17. g4 h3 18. f3 Nxd2 19. Nxd2 f5 20. Qb3 fxg4 21. Qxd5
Rxd5 22. fxg4 Rh4 23. Rf3 Rxg4+ 24. Rg3 Rxg3+ 25. hxg3 g4 26. Nd3 e5 27. Ne4
exd4 28. exd4 Nxd4 29. Nf4 Nf3+ 30. Kh1 Rd8 31. Ne6 Rd7 32. Nf2 Bd6 33. Ne4 Be5
34. Nf8 Rf7 35. Ne6 Re7 36. Nf8 Kb8 37. Rd1 a6 38. Ng6 Re8 39. Nf2 Bxg3 40. Nxg4
Rg8 41. N4e5 Bxe5 42. Rf1 Rxg6 43. Rxf3 h2 {White resigns} 0-1

[Event "Team 45 45 League T86"]
[Site "Internet Chess Club"]
[Date "2020.10.11"]
[Round "2"]
[White "primerpaso"]
[Black "ChessJayden"]
[Result "1/2-1/2"]
[WhiteElo "1772"]
[BlackElo "1753"]
[Opening "English opening"]
[ECO "A17"]
[Time "13:35:33"]
[TimeControl "2700+45"]

1. c4 Nf6 2. Nc3 e6 3. g3 Bb4 4. Bg2 d5 5. cxd5 exd5 6. d4 O-O 7. Qb3 Nc6 8. Nf3
Bg4 9. O-O Bxc3 10. bxc3 Rb8 11. Bg5 Na5 12. Qa3 Nc4 13. Qxa7 h6 14. Bxf6 Qxf6
15. Rfb1 Rbe8 16. Re1 Bxf3 17. Bxf3 Qc6 18. Reb1 Nd2 19. Qxb7 Qxc3 20. Rd1 Nxf3+
21. exf3 Qxf3 22. Rd2 Re7 23. Qb3 Qxb3 24. axb3 Rb8 25. Rd3 Kf8 26. Ra5 c6 27.
Rc5 Rb6 28. Rdc3 Re6 29. Kg2 Ke7 30. Kf3 Kd6 31. h4 Re4 32. Ra5 Rxd4 33. Ra7 Ke6
34. Rc7 Rdb4 35. R3xc6+ Rxc6 36. Rxc6+ Kd7 37. Rc3 Kd6 38. Rd3 f5 39. Ke3 g5 40.
hxg5 hxg5 41. Kd2 g4 42. f3 d4 43. Kc2 Kc5 44. fxg4 fxg4 45. Rd1 {Game drawn by
mutual agreement} 1/2-1/2

[Event "Team 45 45 League T86"]
[Site "Internet Chess Club"]
[Date "2020.10.11"]
[Round "2"]
[White "andrew37"]
[Black "aec7r3b"]
[Result "1-0"]
[WhiteElo "1695"]
[BlackElo "1345"]
[Opening "King's Indian: fianchetto without c4"]
[ECO "A49"]
[Time "18:00:18"]
[TimeControl "2700+45"]

1. Nf3 Nf6 2. d4 g6 3. g3 Bg7 4. Bg2 O-O 5. O-O d5 6. Na3 c5 7. dxc5 Qc7 8. Bf4
Qxc5 9. c3 Nc6 10. Be3 Qd6 11. Nb5 Qd7 12. Nbd4 e5 13. Nxc6 Qxc6 14. Nxe5 Qe6
15. Nd3 Rd8 16. Qb3 Rb8 17. Nf4 Qd6 18. Bxa7 Ra8 19. Bd4 Qc6 20. Bxf6 Bxf6 21.
Nxd5 Kg7 22. Nb6 Be6 23. Bxc6 Bxb3 24. Nxa8 Rxa8 25. axb3 Rxa1 26. Rxa1 bxc6 27.
Ra6 c5 28. f4 Be7 29. e4 Bf8 30. Kf2 Be7 31. e5 Kf8 32. Ke3 Ke8 33. Ke4 Kd7 34.
Kd5 Kc7 35. Ra7+ Kd8 36. Rxe7 Kxe7 37. Kxc5 Kd7 38. b4 Kc7 39. c4 Kb7 40. Kd6
Kc8 41. c5 Kd8 42. c6 Kc8 43. b5 Kb8 44. b6 Kc8 45. b7+ Kb8 46. Kd7 h5 47. c7+
Kxb7 48. c8=Q+ Kb6 49. Qc6+ Ka7 50. Qb5 f6 51. Kc7 fxe5 52. Qa5# {Black
checkmated} 1-0

[Event "Team 45 45 League T86"]
[Site "Internet Chess Club"]
[Date "2020.10.10"]
[Round "2"]
[White "eevee11"]
[Black "VictorRed"]
[Result "0-1"]
[WhiteElo "945"]
[BlackElo "1589"]
[Opening "French: Tarrasch, Guimard variation"]
[ECO "C04"]
[Time "21:05:24"]
[TimeControl "2700+45"]

1. e4 e6 2. d4 d5 3. Nd2 Nc6 4. Ngf3 Bb4 5. c3 Be7 6. e5 a6 7. Be2 Nh6 8. O-O
Nf5 9. Re1 Nh4 10. Nxh4 Bxh4 11. Nf3 Be7 12. Bd3 h6 13. Be3 Na7 14. Qc2 c6 15.
c4 Bd7 16. cxd5 cxd5 17. Rac1 Rc8 18. Qe2 Bb4 19. Red1 Ba4 20. b3 Bb5 21. a4 Bd7
22. Nd2 Nc6 23. Qg4 Bf8 24. Nf1 Qe7 25. Ng3 g6 26. Ne2 Kd8 27. Nf4 Be8 28. f3
Bg7 29. Be2 Qd7 30. Nd3 Bf8 31. Nf2 Ba3 32. Ra1 Bb2 33. Ra2 Bc3 34. Qh4+ Qe7 35.
Qh3 Nb4 36. Ra3 Nc2 37. Ra2 Nxe3 38. Rd3 Nf5 39. Qg4 h5 40. Qf4 g5 41. Qc1 Bxd4
42. Rc2 Rxc2 43. Qxc2 Bxe5 44. Ne4 Nd4 45. Qd2 dxe4 46. Rxd4+ Bxd4+ 47. Qxd4+
Kc8 48. Qxh8 Qc5+ 49. Kf1 Qc1+ 50. Kf2 e3+ 51. Kg3 Qe1+ 52. Kh3 Qh4# {White
checkmated} 0-1

[Event "Team 45 45 League T86"]
[Site "Internet Chess Club"]
[Date "2020.10.10"]
[Round "2"]
[White "MacroPawn"]
[Black "Ohanessian"]
[Result "0-1"]
[WhiteElo "1877"]
[BlackElo "2019"]
[Opening "Dutch: Leningrad, main variation with Nc6"]
[ECO "A89"]
[Time "20:03:23"]
[TimeControl "2700+45"]

1. c4 f5 2. g3 Nf6 3. Bg2 g6 4. Nc3 Bg7 5. d4 d6 6. Nf3 O-O 7. O-O Nc6 8. d5 Ne5
9. Nxe5 dxe5 10. e4 f4 11. gxf4 exf4 12. f3 Nh5 13. Qe2 Bd4+ 14. Kh1 e5 15. Qe1
Ng3+ 16. hxg3 Qg5 17. Rf2 Qh5+ {White resigns} 0-1

[Event "Team 45 45 League T86"]
[Site "Internet Chess Club"]
[Date "2020.10.11"]
[Round "2"]
[White "ulfbert"]
[Black "walkover"]
[Result "1-0"]
[WhiteElo "1901"]
[BlackElo "1716"]
[Opening "Sicilian: closed"]
[ECO "B23"]
[Time "10:01:47"]
[TimeControl "2700+45"]

1. e4 c5 2. Nc3 a6 3. f4 b5 4. Nf3 Bb7 5. d3 e6 6. g3 d5 7. Qe2 b4 8. Nd1 dxe4
9. dxe4 Nf6 10. Nf2 Be7 11. Bg2 O-O 12. O-O Nc6 13. c3 a5 14. Qc2 Qc7 15. e5 b3
16. Qxb3 c4 17. Qc2 Nd7 18. Kh1 Nc5 19. Be3 Rfd8 20. Bxc5 Bxc5 21. Ng5 g6 22.
Nfe4 Ne7 23. Nxc5 Bxg2+ 24. Qxg2 Qxc5 25. Ne4 Qb6 26. Nd6 Qc7 27. Rad1 Nd5 28.
Rfe1 a4 29. Rd4 Nb6 30. Red1 a3 31. R1d2 axb2 32. Rxb2 Ra3 33. Qf3 Qc5 34. Qb7
Rxc3 35. Qxf7+ Kh8 36. Qf6+ Kg8 37. Qxd8+ Kg7 38. Ne8+ {Black resigns} 1-0

[Event "Team 45 45 League T86"]
[Site "Internet Chess Club"]
[Date "2020.10.07"]
[Round "2"]
[White "pishd"]
[Black "Ehab"]
[Result "1-0"]
[WhiteElo "1805"]
[BlackElo "1864"]
[Opening "King's Indian: orthodox, 7...Nbd7"]
[ECO "E94"]
[Time "10:05:11"]
[TimeControl "2700+45"]

1. d4 Nf6 2. Nf3 g6 3. c4 Bg7 4. Nc3 d6 5. e4 O-O 6. Be2 Nbd7 7. O-O e5 8. d5 a5
9. Qc2 Nc5 10. Bg5 h6 11. Be3 b6 12. Nd2 Ng4 13. Bxg4 Bxg4 14. a3 Bd7 15. b4 Nb7
16. Nb3 f5 17. exf5 gxf5 18. f4 Qh4 19. Rac1 Kh8 20. Rf3 Rae8 21. Rh3 Qf6 22.
Rf1 exf4 23. Bd4 Re5 24. Ne2 a4 25. Nbc1 c5 26. dxc6 Bxc6 27. Nxf4 Be4 28. Qc3
Qf7 29. Ncd3 Rfe8 30. Nh5 Bxd3 31. Qxd3 Nd8 32. Nxg7 Qxg7 33. Bxe5 dxe5 34. Qxf5
e4 35. Qf6 Kh7 36. Qxg7+ Kxg7 37. Rg3+ Kh7 38. Re3 Kg6 39. Rf4 {Black resigns}
1-0

[Event "Team 45 45 League T86"]
[Site "Internet Chess Club"]
[Date "2020.10.11"]
[Round "2"]
[White "QuieroAprender"]
[Black "cayo89"]
[Result "1-0"]
[WhiteElo "1711"]
[BlackElo "1490"]
[Opening "Pirc defense"]
[ECO "B07"]
[Time "16:10:22"]
[TimeControl "2700+45"]

1. e4 d6 2. d4 Nf6 3. Nc3 e5 4. dxe5 dxe5 5. Bg5 Qxd1+ 6. Rxd1 Be7 7. Bb5+ c6 8.
Bc4 O-O 9. f3 Nbd7 10. g4 b5 11. Bd3 Bb7 12. Nce2 Rfe8 13. Ng3 g6 14. h4 Nc5 15.
N1e2 Rad8 16. Nc1 Nxd3+ 17. Nxd3 Nd7 18. Bxe7 Rxe7 19. Nc5 Bc8 20. Ke2 Rde8 21.
Nd3 c5 22. a3 a5 23. g5 c4 24. Nf2 Nb6 25. Rd6 Re6 26. Rhd1 Rxd6 27. Rxd6 Re6
28. Rd8+ Kg7 29. Ng4 Bd7 30. h5 Re8 31. h6+ Kh8 32. Nxe5 Rxd8 33. Nxf7+ Kg8 34.
Nxd8 Kf8 35. Nb7 Na4 36. b3 cxb3 37. cxb3 Nc3+ 38. Kd3 Nb1 39. Nc5 Be8 40. a4
Na3 41. Ne2 Ke7 42. Nc3 bxa4 43. bxa4 Bc6 44. Nb3 {Black resigns} 1-0

[Event "Team 45 45 League T86"]
[Site "Internet Chess Club"]
[Date "2020.10.12"]
[Round "2"]
[White "chessfish1"]
[Black "Ajolote"]
[Result "1/2-1/2"]
[WhiteElo "1963"]
[BlackElo "2000"]
[Opening "Sicilian: closed, 2...Nc6"]
[ECO "B23"]
[Time "13:31:15"]
[TimeControl "2700+45"]

1. e4 c5 2. Nc3 Nc6 3. Bb5 Nd4 4. Nf3 a6 5. Bd3 Nc6 6. O-O e5 7. Nd5 Nf6 8. c3
d6 9. Bc2 Bg4 10. Re1 Be7 11. d3 O-O 12. a4 b6 13. Nxe7+ Qxe7 14. h3 Bh5 15. Bb3
Kh8 16. Bg5 h6 17. Bh4 g5 18. Bg3 Nd7 19. Bd5 Rac8 20. Bc4 Ra8 21. Bd5 Rac8 22.
Bc4 Ra8 23. Bd5 {Game drawn by repetition} 1/2-1/2

[Event "Team 45 45 League T86"]
[Site "Internet Chess Club"]
[Date "2020.10.10"]
[Round "2"]
[White "laurenpar"]
[Black "Sloggi"]
[Result "0-1"]
[WhiteElo "1817"]
[BlackElo "1986"]
[Opening "Caro-Kann: two knights, 3...Bg4"]
[ECO "B11"]
[Time "23:01:40"]
[TimeControl "2700+45"]

1. e4 c6 2. Nc3 d5 3. Nf3 Bg4 4. h3 Bxf3 5. Qxf3 e6 6. exd5 cxd5 7. b3 Nc6 8.
Bb2 a6 9. O-O-O Rc8 10. Kb1 Nf6 11. g4 b5 12. g5 Nd7 13. h4 Nd4 14. Qg4 Bc5 15.
f4 Nb6 16. Bd3 Nc4 17. h5 Nxb2 18. Kxb2 b4 19. Na4 Nb5 20. Nxc5 Rxc5 21. g6 Qf6+
22. c3 bxc3+ 23. Kc2 Na3+ 24. Kc1 c2 {White resigns} 0-1

[Event "Team 45 45 League T86"]
[Site "Internet Chess Club"]
[Date "2020.10.09"]
[Round "2"]
[White "fishhead"]
[Black "Boxermam"]
[Result "1-0"]
[WhiteElo "1786"]
[BlackElo "1788"]
[Opening "French: Paulsen variation"]
[ECO "C10"]
[Time "15:00:34"]
[TimeControl "2700+45"]

1. e4 e6 2. d4 d5 3. Nc3 Nc6 4. e5 f6 5. Nf3 fxe5 6. dxe5 Nh6 7. Bd3 Nf7 8. Qe2
Nb4 9. Bb5+ Bd7 10. a3 Nc6 11. Bf4 g5 12. Bg3 Bg7 13. Rd1 Qe7 14. O-O O-O-O 15.
Rfe1 g4 16. Bxc6 Bxc6 17. Nd4 h5 18. Nxc6 bxc6 19. Qa6+ Kb8 20. Qxc6 Qd7 21.
Qxd7 Rxd7 22. Na4 Bf8 23. c4 c6 24. c5 Ng5 25. b4 h4 26. Bf4 Rg7 27. Nc3 h3 28.
Re3 hxg2 29. Kxg2 Nf3 30. Ne2 Rgh7 31. Rh1 Bh6 32. Kg3 Bxf4+ 33. Nxf4 Nxh2 34.
Nxe6 Rh3+ 35. Kg2 R3h6 36. Nd4 Kc7 37. e6 R6h7 38. Rhe1 Nf3 39. Nxf3 gxf3+ 40.
Rxf3 Rg7+ 41. Rg3 Re7 42. Rg6 d4 43. f4 Rf8 44. Kf3 d3 45. Ke4 d2 46. Rd1 Rd8
47. f5 Rd5 48. Rg2 Rh7 49. Rg4 Rh5 50. Rg7+ Kd8 51. Rd7+ Rxd7 52. exd7 Kxd7 53.
Rxd2+ Kc7 54. f6 {Black resigns} 1-0

[Event "Team 45 45 League T86"]
[Site "Internet Chess Club"]
[Date "2020.10.11"]
[Round "2"]
[White "janh"]
[Black "Legal"]
[Result "1-0"]
[WhiteElo "1916"]
[BlackElo "1954"]
[Opening "Queen's pawn game"]
[ECO "D00"]
[Time "21:30:27"]
[TimeControl "2700+45"]

1. d4 Nf6 2. Nc3 d5 3. Bf4 c5 4. e3 cxd4 5. exd4 a6 6. Nf3 Nc6 7. h3 e6 8. Bd3
Qb6 9. Rb1 Bd7 10. Be2 Be7 11. O-O O-O 12. a3 Ne4 13. Na2 f5 14. c3 a5 15. a4 g5
16. Bh2 h5 17. Bb5 g4 18. Bxc6 Qxc6 19. Ne5 Qxa4 20. f3 Qxd1 21. Rbxd1 Nf6 22.
fxg4 Bb5 23. Rfe1 hxg4 24. hxg4 Ne4 25. Ng6 Rf7 26. Nxe7+ Rxe7 27. gxf5 exf5 28.
Be5 Kf7 29. Re3 Rg8 30. Nc1 Re6 31. Nd3 Bxd3 32. Rdxd3 Reg6 33. Re2 b5 34. Rh3
Ng5 35. Rd3 a4 36. Bf4 Ne4 37. Rh3 Ra6 38. Rh7+ Rg7 39. Rh8 a3 40. bxa3 Rxa3 41.
Be5 Rg6 42. Rh7+ Ke6 43. Rb2 Nxc3 44. Rh3 Ra1+ 45. Kh2 Ra2 46. Rxa2 Nxa2 47. Ra3
Nc1 48. Rc3 Ne2 49. Rc6+ Kf7 50. Rc7+ Ke8 51. g3 Rb6 52. Rc2 Nxg3 53. Kxg3 Kf7
54. Kf4 Ke6 55. Rh2 Kf7 56. Kxf5 b4 57. Rb2 b3 58. Bh2 Ke7 59. Ke5 Rb5 60. Bf4
Kd7 61. Bh6 Kc6 62. Bf8 Rb8 63. Bc5 Rb7 64. Kf4 Rf7+ 65. Kg3 Kb5 66. Rxb3+ Kc4
67. Rf3 Rh7 68. Kf2 Rh6 69. Ke3 Re6+ 70. Kd2 Rg6 71. Rc3+ Kb5 72. Rb3+ Ka5 73.
Ke2 Rh6 74. Kf2 Ka4 75. Rb6 Rh5 76. Kf3 Ka5 77. Kg4 Rh1 78. Rd6 Rg1+ 79. Kf4
Rf1+ 80. Ke5 Rh1 81. Kxd5 Kb5 82. Rb6+ Ka5 83. Rb2 Rh5+ 84. Kc6 Ka4 85. d5 Rh8
86. d6 Rc8+ 87. Kd5 Rd8 88. Rb4+ {Black resigns} 1-0

[Event "Team 45 45 League T86"]
[Site "Internet Chess Club"]
[Date "2020.10.11"]
[Round "2"]
[White "The7thGuest"]
[Black "achessman"]
[Result "1/2-1/2"]
[WhiteElo "1861"]
[BlackElo "1906"]
[Opening "QGD semi-Slav"]
[ECO "D43"]
[Time "06:00:35"]
[TimeControl "2700+45"]

1. d4 d5 2. c4 c6 3. Nf3 Nf6 4. Nc3 e6 5. Bg5 Nbd7 6. cxd5 exd5 7. e3 h6 8. Bh4
g5 9. Bg3 Nh5 10. Nd2 Nxg3 11. hxg3 Bg7 12. Bd3 Nb6 13. Qc2 Be6 14. Bf5 Qe7 15.
Bxe6 Qxe6 16. O-O-O O-O-O 17. Na4 Nxa4 18. Qxa4 Kb8 19. Nb3 Bf8 20. Nc5 Qg4 21.
Qb3 Bxc5 22. dxc5 Rde8 23. Rd4 Qf5 24. Qc2 Qxc2+ 25. Kxc2 h5 26. Kd3 f5 27. f3
Kc7 28. e4 dxe4+ 29. fxe4 Re5 30. b4 a5 31. a3 axb4 32. axb4 b6 33. cxb6+ Kxb6
34. exf5 Rxf5 35. g4 Rf2 36. gxh5 Rxg2 37. h6 Rh7 38. Rd6 g4 39. Ke4 Rb2 40. Kf5
Rxb4 41. Kg6 Kc5 42. Rxc6+ Kxc6 43. Kxh7 Kd5 44. Kg6 Ke4 45. h7 Rb8 46. Kg5 g3
47. Re1+ Kf3 48. Kg6 g2 49. Kg7 Kf2 50. Rd1 g1=Q+ 51. Rxg1 Kxg1 52. h8=Q Rxh8
53. Kxh8 {Game drawn because neither player has mating material} 1/2-1/2

[Event "Team 45 45 League T86"]
[Site "Internet Chess Club"]
[Date "2020.10.09"]
[Round "2"]
[White "ANGELLR"]
[Black "fileman"]
[Result "0-1"]
[WhiteElo "1814"]
[BlackElo "1863"]
[Opening "Queen's pawn: Lundin (Kevitz-Mikenas) defense"]
[ECO "A40"]
[Time "15:07:45"]
[TimeControl "2700+45"]

1. d4 Nc6 2. Nf3 d6 3. Bf4 Nf6 4. e3 e6 5. c4 Nh5 6. Bg5 Be7 7. Bxe7 Qxe7 8. Nc3
O-O 9. Rc1 f5 10. Be2 Nf6 11. Qc2 e5 12. Nd5 Qd8 13. O-O e4 14. Nd2 Ne7 15. Rfd1
c6 16. Nxe7+ Qxe7 17. b4 a5 18. b5 c5 19. Qb2 b6 20. a4 Be6 21. Nf1 Rad8 22. Ng3
g6 23. Bf1 h5 24. dxc5 dxc5 25. Qe5 Kf7 26. Qf4 Rxd1 27. Rxd1 Rd8 28. Rxd8 Qxd8
29. f3 exf3 30. gxf3 Qd2 31. Nh1 Qd1 32. Nf2 Qxa4 33. e4 Qa1 34. exf5 Bxf5 35.
Ne4 Nxe4 36. Qc7+ Kf6 37. Qxb6+ Kg5 38. h4+ Kxh4 39. fxe4 Qd4+ 40. Kh2 Bxe4 41.
Bg2 Qf2 42. Qd8+ g5 {White resigns} 0-1

[Event "Team 45 45 League T86"]
[Site "Internet Chess Club"]
[Date "2020.10.09"]
[Round "2"]
[White "DeepPoo"]
[Black "ElValero"]
[Result "1/2-1/2"]
[WhiteElo "1685"]
[BlackElo "1707"]
[Opening "French: advance variation"]
[ECO "C02"]
[Time "14:01:14"]
[TimeControl "2700+45"]

1. e4 e6 2. d4 d5 3. e5 c5 4. c3 Nc6 5. Be3 cxd4 6. cxd4 Qb6 7. Qd2 Nge7 8. Bd3
Nf5 9. Bxf5 exf5 10. a3 Be6 11. Nc3 Be7 12. b4 f4 13. Bxf4 Qxd4 14. Nf3 Qxd2+
15. Bxd2 O-O 16. O-O Rfd8 17. h3 Rac8 18. Rac1 h6 19. b5 Na5 20. Nxd5 Rxd5 21.
Bxa5 Rxc1 22. Rxc1 Rxb5 23. Bd2 Bxa3 24. Ra1 Bc5 25. Bc3 Rb3 26. Bd4 Ra3 27.
Rxa3 Bxa3 28. Bxa7 b5 29. Kf1 Kf8 30. Ke2 Ke8 31. Kd3 Bc4+ 32. Kc3 Bf1 33. Kb3
Be7 34. Ne1 Kd7 35. f4 Kc6 36. Bf2 g5 37. Be3 Bc5 38. Bxc5 Kxc5 39. fxg5 hxg5
40. Nf3 Bxg2 41. Nxg5 Bd5+ 42. Kb2 Kd4 43. Ka3 Kxe5 44. Kb4 Bc4 45. Nxf7+ Bxf7
{Game drawn by mutual agreement} 1/2-1/2

[Event "Team 45 45 League T86"]
[Site "Internet Chess Club"]
[Date "2020.10.08"]
[Round "2"]
[White "andrew37"]
[Black "MathBandit"]
[Result "1-0"]
[WhiteElo "1691"]
[BlackElo "1697"]
[Opening "QGD: Chigorin defense"]
[ECO "D07"]
[Time "18:00:54"]
[TimeControl "2700+45"]

1. c4 Nc6 2. d4 d5 3. Nc3 Nf6 4. cxd5 Nxd5 5. e4 Nxc3 6. bxc3 e5 7. d5 Na5 8.
Nf3 Bd6 9. Be2 O-O 10. O-O c6 11. c4 Bg4 12. Bd3 Rc8 13. Be3 cxd5 14. cxd5 Nc4
15. Bxc4 Rxc4 16. Qd3 Qc7 17. Rac1 Rc8 18. Rxc4 Qxc4 19. Qxc4 Rxc4 20. Nd2 Ra4
21. h3 Bh5 22. Rc1 f6 23. Rc2 Bg6 24. f3 b6 25. Nc4 Be7 26. d6 Bd8 27. d7 Kf8
28. Nd6 Ke7 29. Rd2 Bc7 30. Nb5 Bd8 31. Nd6 Bc7 32. Nb5 Bd8 33. Kh2 Bf7 34. Nd6
Be6 35. Nc8+ Kf8 36. Rd6 Bxa2 37. h4 Be7 38. d8=Q+ {Black resigns} 1-0

[Event "Team 45 45 League T86"]
[Site "Internet Chess Club"]
[Date "2020.10.11"]
[Round "2"]
[White "Redman1"]
[Black "timothysmall56"]
[Result "0-1"]
[WhiteElo "1571"]
[BlackElo "1713"]
[Opening "Queen's pawn game"]
[ECO "E10"]
[Time "09:00:13"]
[TimeControl "2700+45"]

1. Nf3 Nf6 2. c4 e6 3. d4 c5 4. d5 exd5 5. cxd5 d6 6. e4 Nbd7 7. Nc3 Be7 8. Be2
a6 9. a4 Qa5 10. Bd2 Qc7 11. O-O O-O 12. Bg5 b6 13. Kh1 Bb7 14. Nd2 Ne5 15. Nc4
Nxc4 16. Bxc4 h6 17. Bh4 Rfe8 18. Bg3 Nd7 19. f4 Bf6 20. Qc2 Bxc3 21. bxc3 Qd8
22. Bd3 Nf6 23. c4 Re7 24. e5 dxe5 25. fxe5 Ng4 26. d6 Re6 27. Rae1 Qg5 28. Rf5
Ne3 29. Qb2 Nxf5 30. Bxf5 Qxf5 31. Qxb6 Rb8 32. Qc7 Ree8 33. d7 Red8 34. e6 fxe6
35. Qxb8 Rxb8 36. Bxb8 Qd3 {White resigns} 0-1

[Event "Team 45 45 League T86"]
[Site "Internet Chess Club"]
[Date "2020.10.11"]
[Round "2"]
[White "goldeen7"]
[Black "Chess4Him"]
[Result "1/2-1/2"]
[WhiteElo "1345"]
[BlackElo "1515"]
[Opening "Robatsch defense: Pseudo-Austrian attack"]
[ECO "B06"]
[Time "10:30:21"]
[TimeControl "2700+45"]

1. e4 g6 2. d4 Bg7 3. Nc3 d6 4. f4 a6 5. Nf3 b5 6. Bd3 Nd7 7. Be3 Bb7 8. e5 Nh6
9. Be4 Bxe4 10. Nxe4 Ng4 11. Bd2 dxe5 12. fxe5 Nh6 13. Qe2 O-O 14. O-O-O Qc8 15.
Kb1 Nb6 16. h4 Nf5 17. Qf2 Nc4 18. Bc3 Nfe3 19. Rde1 Ng4 20. Qe2 Qf5 21. Ng3 Qf4
22. Ne4 Nge3 23. Ned2 Rfd8 24. Nxc4 Nxc4 25. b3 Nb6 26. h5 Nd5 27. Bb2 Qf5 28.
hxg6 fxg6 29. Rh2 Nf4 30. Qf2 e6 31. Reh1 h5 32. g3 Nd5 33. Nh4 Qg4 34. Qf3 Qxf3
35. Nxf3 Rf8 36. Ng5 Rae8 37. g4 Nf4 38. Bc1 Bh6 39. Ne4 Bg7 40. gxh5 Nxh5 41.
Rg1 Kh7 42. Ng3 Rf7 43. Nxh5 gxh5 44. Rxh5+ Kg8 45. Bh6 Rd8 46. Rhg5 Rdd7 47.
Rxg7+ Rxg7 48. Rxg7+ Rxg7 49. Bxg7 Kxg7 50. c4 Kg6 51. Kc2 Kf5 52. Kd3 c5 53. a3
Kf4 54. b4 cxd4 55. Kxd4 bxc4 56. Kxc4 Kxe5 57. a4 Kd6 58. b5 axb5+ 59. axb5 Kc7
60. Kc5 e5 61. Kd5 Kb6 62. Kxe5 Kxb5 {Game drawn because neither player has
mating material} 1/2-1/2

[Event "Team 45 45 League T86"]
[Site "Internet Chess Club"]
[Date "2020.10.08"]
[Round "2"]
[White "LuFran"]
[Black "cayo89"]
[Result "1-0"]
[WhiteElo "1765"]
[BlackElo "1495"]
[Opening "Philidor: Improved Hanham variation"]
[ECO "B07"]
[Time "19:00:56"]
[TimeControl "2700+45"]

1. e4 d6 2. d4 Nf6 3. Nc3 e5 4. Nf3 Nbd7 5. Bc4 h6 6. O-O Be7 7. a4 a5 8. Qe2 c6
9. Be3 Qc7 10. h3 Nf8 11. dxe5 dxe5 12. Nh4 g6 13. Rad1 N6h7 14. Nf3 g5 15. Nxe5
Ne6 16. Nd3 Nf6 17. e5 Nh7 18. Qh5 Bf8 19. Bxe6 Bxe6 20. Nc5 Qc8 21. N3e4 b6 22.
Nxe6 Qxe6 23. f4 Rg8 24. Nd6+ Bxd6 25. Rxd6 {Black resigns} 1-0

[Event "Team 45 45 League T86"]
[Site "Internet Chess Club"]
[Date "2020.10.09"]
[Round "2"]
[White "liujf"]
[Black "julesraider"]
[Result "1-0"]
[WhiteElo "1619"]
[BlackElo "1567"]
[Opening "King's Indian: fianchetto, Yugoslav system"]
[ECO "E64"]
[Time "15:30:30"]
[TimeControl "2700+45"]

1. d4 Nf6 2. c4 g6 3. g3 Bg7 4. Bg2 O-O 5. Nc3 d6 6. Nf3 c5 7. e4 Nbd7 8. O-O
cxd4 9. Nxd4 Ne5 10. b3 Bg4 11. f3 Bd7 12. Be3 Qa5 13. Qd2 Rfe8 14. Rad1 Rac8
15. h3 a6 16. Nd5 Qxd2 17. Rxd2 Nxd5 18. exd5 Bf5 19. f4 Nxc4 20. bxc4 Bd7 21.
Rc2 Ba4 22. Nb3 e5 23. Rcc1 e4 24. f5 Be5 25. fxg6 hxg6 26. Nd2 Bxg3 27. Nxe4
Be5 28. Bb6 f5 29. Ng5 Kg7 30. Ne6+ Kh6 31. Rf3 Bb5 32. Bf1 Rg8 33. Bd4 Bxd4+
34. Nxd4 Bd7 35. Re1 Rge8 36. Rfe3 Kg5 37. Rxe8 Rxe8 38. Rxe8 Bxe8 39. Ne6+ Kf6
40. Kf2 Ke5 41. Ke3 Bd7 42. Nd8 f4+ 43. Kf3 b5 44. Nf7+ Kd4 45. Nxd6 bxc4 46.
Nxc4 g5 47. Nb6 Bf5 48. d6 Be4+ 49. Kf2 Bc6 50. Bxa6 Kc5 51. d7 Kxb6 52. d8=Q+
Kxa6 53. Qb8 Bb7 54. Qd6+ Ka7 55. Qc5+ Ka6 56. Qxg5 f3 57. h4 Kb6 58. h5 Kc7 59.
h6 Be4 60. Qe5+ {Black resigns} 1-0

[Event "Team 45 45 League T86"]
[Site "Internet Chess Club"]
[Date "2020.10.10"]
[Round "2"]
[White "olivermx"]
[Black "Hal2001"]
[Result "0-1"]
[WhiteElo "1319"]
[BlackElo "1516"]
[Opening "Robatsch defense: three pawns attack"]
[ECO "B06"]
[Time "11:07:57"]
[TimeControl "2700+45"]

1. e4 g6 2. d4 Bg7 3. f4 d5 4. e5 c5 5. c3 cxd4 6. cxd4 Nc6 7. Nf3 Bg4 8. Be3
Nh6 9. h3 Bxf3 10. Qxf3 Nf5 11. Nc3 e6 12. O-O-O Nxe3 13. Qxe3 O-O 14. g4 a6 15.
g5 b5 16. h4 Qa5 17. b3 Rfc8 18. Kb2 Bf8 19. a4 Qb4 20. Ra1 Nxd4 {White resigns}
0-1